 Dungeon Crawl Stone Soup version 0.18-a0-1577-gf591c28 (webtiles) character file.

13057 miau the Thaumaturge (level 11, -6/51 HPs)
             Began as a Felid Wizard on Jan 30, 2016.
             Was an Elder of Vehumet.
             Mangled by a river rat (9 damage)
             ... on level 1 of the Lair of Beasts on Mar 23, 2016.
             The game lasted 04:09:45 (32357 turns).

miau the Thaumaturge (Felid Wizard)                Turns: 32357, Time: 04:09:45

Health: -6/51      AC:  3    Str:  7    XL:     11   Next: 70%
Magic:  27/27      EV: 22    Int: 20    God:    Vehumet [****..]
Gold:   768        SH:  0    Dex: 17    Spells: 6 memorised, 21 levels left
                                        Lives:  0   Deaths: 3

rFire  . . .     SeeInvis +     (weapon unavailable)
rCold  + . .     Gourm    .     (armour unavailable)
rNeg   . . .     Faith    .     (shield unavailable)
rPois  +         Spirit   .     (helmet unavailable)
rElec  .         Dismiss  .     (cloak unavailable)
rCorr  .         Reflect  .     (gloves unavailable)
SustAt .         Harm     .     (boots unavailable)
MR     +....                    n - amulet of regeneration
Stlth  +++++.....               t - ring of stealth
                                m - ring of poison resistance

@: repel missiles, quick, somewhat resistant to hostile enchantments, quite
stealthy
A: no armour, no weapons or thrown items, antennae 1, claws 1, fangs 3, see
invisible, agile 1, carnivore 3, speed 1, shaggy fur 3, slow metabolism 1, sharp
paws
a: Renounce Religion


You were on level 1 of the Lair of Beasts.
You worshipped Vehumet.
Vehumet was greatly pleased with you.
You were not hungry.

You visited 4 branches of the dungeon, and saw 18 of its levels.
You also visited: Sewer.

You collected 768 gold pieces.

Inventory:

Jewellery
 m - a ring of poison resistance (left paw)
 n - an amulet of regeneration (around neck)
 t - a ring of stealth (right paw)
 A - an uncursed ring of protection from cold
Wands
 f - a wand of teleportation (0/9)
 r - a wand of disintegration (7/24)
 w - a wand of confusion (0/48)
 y - a wand of flame (29/48)
Scrolls
 c - 10 scrolls of identify
 e - 6 scrolls of remove curse
 q - a scroll of teleportation
 s - 2 scrolls of blinking
 x - a scroll of amnesia
 C - a scroll of silence
Potions
 g - 2 potions of lignification
 j - 5 potions of curing
 k - 2 potions of magic
 l - 3 potions of berserk rage
 o - 2 potions of agility
 p - 3 potions of brilliance
 u - a potion of heal wounds
 z - a potion of mutation
Books
 a - a book of Minor Magic

   Spells                             Type                      Level
   a - Magic Dart                     Conjuration                  1
   b - Blink                          Translocation                2
   c - Call Imp                       Summoning                    2
   d - Repel Missiles                 Charms/Air                   2
   e - Slow                           Hexes                        2
   f - Conjure Flame                  Conjuration/Fire             3
   g - Mephitic Cloud                 Conjuration/Poison/Air       3
 i - a book of Annihilations

   Spells                             Type                      Level
   a - Poison Arrow                   Conjuration/Poison           6
   b - Chain Lightning                Conjuration/Air              8
   c - Lehudib's Crystal Spear        Conjuration/Earth            8
   d - Glaciate                       Conjuration/Ice              9
   e - Fire Storm                     Conjuration/Fire             9
 v - a book of Hinderance

   Spells                             Type                      Level
   a - Confusing Touch                Hexes                        2
   b - Confuse                        Hexes                        3
   c - Gell's Gravitas                Hexes/Translocation          3
   d - Petrify                        Transmutation/Earth          4
   e - Metabolic Englaciation         Hexes/Ice                    5
   f - Yara's Violent Unravelling     Hexes/Transmutation          5
Comestibles
 b - 5 meat rations
 d - 5 beef jerkies
 h - 4 slices of pizza


   Skills:
 + Level 8.1 Fighting
 - Level 7.1 Dodging
 - Level 6.0 Stealth
 + Level 11.8 Spellcasting
 + Level 9.9 Conjurations
 + Level 0.8 Hexes
   Level 1.0 Summonings
 - Level 4.0 Translocations
 - Level 5.0 Fire Magic
 + Level 4.9 Air Magic
 + Level 5.3 Poison Magic
 - Level 1.0 Evocations


You had 21 spell levels left.
You knew the following spells:

 Your Spells              Type           Power        Failure   Level  Hunger
a - Inner Flame           Hex/Fire       ###.....     2%          3    None
b - Blink                 Tloc           N/A          1%          2    None
f - Flame Tongue          Conj/Fire      #####        1%          1    None
m - Mephitic Cloud        Conj/Pois/Air  #####...     1%          3    None
r - Repel Missiles        Chrm/Air       ###...       3%          2    None
z - Magic Dart            Conj           ####         1%          1    None


Dungeon Overview and Level Annotations

Branches:
Dungeon (15/15)            Temple (1/1) D:5            Lair (1/8) D:8
    Orc (1/2) D:11
 Vaults: D:13-14     Depths: D:15

Altars:
Ashenzari
Cheibriados
Dithmenos
Elyvilon
Fedhas
Gozag
Kikubaaqudgha
Makhleb
Nemelex Xobeh
Okawaru
Pakellas
Qazlal
Ru
Sif Muna
Trog
Vehumet
Xom
Yredelemnul
Zin
The Shining One

Shops:
D:4 *%[}[   D:9 *   D:12 (

Annotations:
D:6 Foom's ghost, novice OpAs
D:7 exclusion: oklob plant
Lair:1 hydra komodo !!!
Orc:1 ScammerSpawn's ghost, journeyman DsMo


Innate Abilities, Weirdness & Mutations

You cannot wear armour.
You are incapable of wielding weapons or throwing items.
You have sharp claws.
You have razor-sharp teeth.
You have supernaturally acute eyesight.
You are carnivorous and can eat meat at any time.
You cover ground quickly.
Your thick and shaggy fur keeps you warm (AC +3, rC+).
You have a slow metabolism.
Your sharp claws are effective at attacking unaware monsters.
You have a pair of small antennae on your head.
You are agile. (Dex +2)


Message History

The yak closely misses you. The yak misses you.
The giant frog closely misses you. The yak completely misses you.
The yak gores you. The giant frog barely misses you. The river rat misses you.
The yak barely misses you. The river rat barely misses you. The yak gores you!
The yak completely misses you. The giant frog hits you.
The yak closely misses you. The yak completely misses you.
The river rat completely misses you. The yak barely misses you.
The river rat bites you.
* * * LOW HITPOINT WARNING * * *
The giant frog misses you. The yak misses you. The yak gores you.
* * * LOW HITPOINT WARNING * * *
The yak completely misses you. The yak misses you. The giant frog hits you!
* * * LOW HITPOINT WARNING * * *
The river rat completely misses you. The yak closely misses you.
The river rat closely misses you. The yak barely misses you.
The yak misses you. The giant frog closely misses you. The yak misses you.
The yak closely misses you. The river rat bites you!
You die...

#...### ..# .
##...P# ####..##..
##...####P........
#....##..........
#................
#................
###..........##
##..rYF.....#
##.rY@r..$..#
#P.!YYY......#
##...r.r......#
#.............
#.r............
#..............
..............
..#...........
..##....rr...


You could see 5 yaks, a giant frog, a porcupine and 5 river rats.

Vanquished Creatures
  Josephine (D:11)
  3 hydras
  Sonja (D:11)
  An unseen horror (D:10)
  8 hill giants
  Pikel (D:5)
  An orc sorcerer (Orc:1)
  A deep elf mage (D:12)
  An ugly thing (D:10)
  2 cyclopes
  Maurice (D:11)
  A spiny frog (D:8)
  A kobold demonologist (D:12)
  A komodo dragon (Lair:1)
  2 trolls
  4 wraiths
  A spriggan (D:7)
  3 humans (D:13)
  11 yaks
  Grum (D:9)
  3 wyverns
  3 hippogriffs
  4 wolves (D:9)
  A mottled dragon (D:12)
  2 soldier ants
  3 water moccasins
  8 ice beasts
  4 slaves (D:5)
  3 black bears
  6 ogres
  4 orc warriors
  2 sky beasts
  6 centaurs
  4 phantoms
  3 wasps
  A crocodile (Lair:1)
  6 big kobolds
  12 giant frogs
  2 wyvern skeletons
  9 scorpions
  9 killer bees
  5 centaur zombies
  3 giant frog zombies
  10 crimson imps
  A quasit (D:12)
  6 orc priests
  6 jellies
  11 hounds
  6 centaur skeletons
  6 giant frog skeletons
  2 iguanas
  13 orc wizards
  9 worker ants
  A killer bee zombie (D:10)
  A hound zombie (D:7)
  2 hound skeletons
  2 worker ant zombies
  9 gnolls
  13 adders
  3 shadow imps
  A white imp (D:4)
  7 oozes
  2 adder zombies
  An adder skeleton (D:5)
  5 worms
  7 giant geckos
  45 orcs
  8 bats
  5 giant cockroaches
  11 goblins
  10 hobgoblins
  7 jackals
  7 quokkas
  5 ball pythons
  A ball python skeleton (D:4)
  2 giant newts
  A goblin skeleton (D:4)
  5 hobgoblin zombies (D:4)
  61 kobolds
  A kobold zombie (D:4)
  An orc zombie (D:4)
  6 rats
449 creatures vanquished.

Vanquished Creatures (collateral kills)
  2 killer bees (D:8)
2 creatures vanquished.

Vanquished Creatures (others)
  An adder skeleton (D:8)
  2 fungi (D:7)
3 creatures vanquished.

Grand Total: 454 creatures vanquished

Notes
Turn   | Place    | Note
--------------------------------------------------------------
     0 | D:1      | miau the Felid Wizard began the quest for the Orb.
     0 | D:1      | Reached XP level 1. HP: 7/7 MP: 5/5
   370 | D:1      | Reached skill level 1 in Conjurations
   421 | D:1      | Reached XP level 2. HP: 11/11 MP: 0/7
  1594 | D:2      | Learned a level 2 spell: Blink
  1606 | D:2      | Reached XP level 3. HP: 15/15 MP: 3/9
  1789 | D:2      | Found a burning altar of Makhleb.
  1958 | D:2      | Reached skill level 1 in Fighting
  2670 | D:3      | Reached skill level 4 in Spellcasting
  2670 | D:3      | Reached XP level 4. HP: 11/19 MP: 0/11
  3302 | D:3      | Found a glowing drain.
  3325 | Sewer    | Entered a sewer
  3677 | Sewer    | Reached XP level 5. HP: 22/22 MP: 5/12
  4019 | Sewer    | Slain by a big kobold
  4020 | Sewer    | Reached XP level 4. HP: -1/20 MP: 0/11
  4062 | Sewer    | Killed a big kobold
  4062 | Sewer    | Reached XP level 5. HP: 24/24 MP: 5/12
  4939 | D:3      | Found an iron altar of Okawaru.
  4988 | D:3      | Upgraded the game from 0.18-a0-1197-g8004e50 to 0.18-a0-1203-gbde16db
  5012 | D:3      | Learned a level 3 spell: Mephitic Cloud
  5623 | D:3      | Reached skill level 5 in Spellcasting
  5803 | D:3      | Gained mutation: You are covered in thick fur (AC +2). [Felid growth]
  5803 | D:3      | Reached XP level 6. HP: 26/28 MP: 2/14
  6095 | D:4      | Noticed an orc warrior
  6455 | D:4      | Found a glowing golden altar of the Shining One.
  6710 | D:4      | Found Ruroc's Antique Armour Shoppe.
  7089 | D:4      | Found a deep blue altar of Sif Muna.
  8349 | D:4      | Reached skill level 1 in Poison Magic
  8584 | D:4      | Found Ohifeax's Gadget Shop.
  8611 | D:4      | Found an oddly glowing altar of Pakellas.
  8611 | D:4      | Found Yfacot's Antique Armour Shoppe.
  8662 | D:4      | Found Xutaxt's Food Emporium.
  8664 | D:4      | Found Guppoy's General Store.
  8742 | D:5      | Entered Level 5 of the Dungeon
  8751 | D:5      | Reached XP level 7. HP: 31/31 MP: 7/16
  9046 | D:5      | Noticed Pikel
 10141 | D:5      | Found a staircase to the Ecumenical Temple.
 10219 | Temple   | Entered the Ecumenical Temple
 10277 | Temple   | Became a worshipper of Vehumet
 11337 | D:5      | Reached skill level 6 in Spellcasting
 12208 | D:6      | Noticed Foom's ghost (novice OpAs)
 12245 | D:6      | Reached XP level 8. HP: 36/36 MP: 5/18
 12758 | D:5      | Killed Pikel
 12758 | D:5      | Reached skill level 7 in Spellcasting
 12758 | D:5      | Reached skill level 5 in Conjurations
 12758 | D:5      | Reached skill level 1 in Air Magic
 14396 | D:6      | Upgraded the game from 0.18-a0-1203-gbde16db to 0.18-a0-1211-g828307d
 14438 | D:7      | Reached XP level 9. HP: 32/39 MP: 5/21
 15007 | D:7      | Reached skill level 5 in Fighting
 15641 | D:7      | Reached skill level 8 in Spellcasting
 15769 | D:7      | Reached * piety under Vehumet
 15769 | D:7      | Offered knowledge of Freeze by Vehumet.
 16400 | D:7      | Found a blossoming altar of Fedhas.
 16483 | D:7      | Noticed an oklob plant
 17050 | D:8      | Found a staircase to the Lair.
 17307 | D:8      | Reached skill level 9 in Spellcasting
 17822 | D:8      | Reached ** piety under Vehumet
 17822 | D:8      | Offered knowledge of Flame Tongue by Vehumet.
 17830 | D:8      | HP: 2/40 [poisoned by a killer bee]
 17835 | D:8      | HP: 1/40 [poisoned by a killer bee]
 17835 | D:8      | Slain by a killer bee
 17836 | D:8      | Reached XP level 8. HP: -5/37 MP: 10/22
 17836 | D:8      | Upgraded the game from 0.18-a0-1211-g828307d to 0.18-a0-1243-g9e52518
 17943 | D:8      | Reached XP level 9. HP: 40/40 MP: 11/23
 17951 | D:8      | Learned a level 1 spell: Flame Tongue
 18135 | D:8      | Reached skill level 5 in Stealth
 18441 | D:8      | Reached skill level 5 in Dodging
 19167 | D:8      | Learned a level 2 spell: Repel Missiles
 19387 | Lair:1   | Entered Level 1 of the Lair of Beasts
 19397 | Lair:1   | Noticed a komodo dragon
 19889 | Lair:1   | Noticed a six-headed hydra
 20358 | D:9      | Found a white marble altar of Elyvilon.
 20757 | D:9      | Offered knowledge of Throw Frost by Vehumet.
 20857 | D:9      | Noticed Grum
 21152 | D:9      | Killed Grum
 21152 | D:9      | Reached XP level 10. HP: 45/45 MP: 3/24
 21482 | D:9      | Noticed an angel
 21483 | D:9      | Found a glowing silver altar of Zin.
 21778 | D:9      | Found Haarrorch's General Store.
 21947 | D:10     | Entered Level 10 of the Dungeon
 22014 | D:9      | Reached *** piety under Vehumet
 22014 | D:9      | Reached skill level 1 in Fire Magic
 22682 | D:10     | Found an oddly glowing altar of Pakellas.
 23254 | D:10     | Offered knowledge of Sticky Flame by Vehumet.
 23847 | D:10     | Reached skill level 10 in Spellcasting
 24028 | D:10     | Noticed a white ugly thing
 24141 | D:10     | Upgraded the game from 0.18-a0-1243-g9e52518 to 0.18-a0-1347-gb9e2fb4
 24190 | D:10     | Noticed a hill giant
 24206 | D:10     | Killed a hill giant
 24212 | D:10     | Noticed a hill giant
 24231 | D:10     | Killed a hill giant
 24368 | D:10     | Noticed an unseen horror
 24392 | D:10     | Killed an unseen horror
 24687 | D:10     | Reached XP level 11. HP: 46/49 MP: 9/26
 25005 | D:11     | Noticed a hill giant
 25020 | D:11     | Killed a hill giant
 25254 | D:11     | Gained mutation: You are agile. (Dex +2) [potion of mutation]
 25254 | D:11     | Gained mutation: You have a pair of small antennae on your head. [potion of mutation]
 25288 | D:11     | Noticed Maurice
 25311 | D:11     | Killed Maurice
 25597 | D:11     | Noticed a hill giant
 26066 | D:11     | Noticed a seven-headed hydra
 26136 | D:11     | Found a staircase to the Orcish Mines.
 26136 | D:11     | Noticed Josephine
 26316 | D:11     | Reached **** piety under Vehumet
 26317 | D:11     | Killed a hill giant
 26531 | D:11     | Noticed a seven-headed hydra
 26534 | D:11     | Noticed Sonja
 26608 | D:11     | Noticed a hill giant
 26721 | D:11     | Killed Sonja
 26864 | D:11     | Killed a hill giant
 27070 | D:11     | Reached skill level 11 in Spellcasting
 27284 | D:11     | Killed Josephine
 27284 | D:11     | Offered knowledge of Inner Flame by Vehumet.
 27284 | D:11     | Reached skill level 5 in Poison Magic
 27514 | D:11     | Killed a seven-headed hydra
 27932 | D:11     | Noticed a hill giant
 27952 | D:11     | Killed a hill giant
 28149 | D:11     | Identified 2 scrolls of acquirement
 28152 | D:11     | Upgraded the game from 0.18-a0-1347-gb9e2fb4 to 0.18-a0-1350-g404b4cb
 28190 | D:12     | Gained mutation: Your thick and shaggy fur keeps you warm (AC +3, rC+). [Felid growth]
 28190 | D:12     | Reached XP level 12. HP: 54/54 MP: 22/28
 28456 | D:12     | Learned a level 3 spell: Inner Flame
 28842 | D:12     | Reached skill level 1 in Evocations
 28970 | D:12     | Found Ypuidd's Weapon Shop.
 28997 | D:12     | You fall through a shaft for 3 floors!
 28997 | D:15     | Entered Level 15 of the Dungeon
 28998 | D:15     | Noticed an ogre mage
 29003 | D:15     | Noticed a four-headed hydra
 29075 | D:14     | Noticed a centaur warrior
 29335 | D:13     | Noticed a death knight
 29465 | D:13     | Noticed a centaur warrior
 29466 | D:13     | Noticed a tengu warrior
 30928 | D:11     | Killed a seven-headed hydra
 31235 | Orc:1    | Entered Level 1 of the Orcish Mines
 31239 | Orc:1    | Noticed ScammerSpawn's ghost (journeyman DsMo)
 31500 | D:10     | Reached skill level 5 in Fire Magic
 32285 | Lair:1   | Killed a six-headed hydra
 32341 | Lair:1   | Upgraded the game from 0.18-a0-1350-g404b4cb to 0.18-a0-1577-gf591c28
 32348 | Lair:1   | HP: 1/55 [yak (15)]
 32348 | Lair:1   | Slain by a river rat
 32349 | Lair:1   | Reached XP level 11. HP: -1/51 MP: 27/27
 32357 | Lair:1   | Mangled by a river rat

Vault maps used:
D:1:      minmay_arrival_stone_box
D:2:      nicolae_overflow_crystal_walls, hangedman_abyss_or_decor_lesser_grid
D:3:      okawaru_altar_gauntlet_db, lightli_sewer_entry_pipes, first_bread,
          serial_bayou_lagoon_b
D:4:      kennysheep_mini, overflow_temple_1_default, serial_shops, shop,
          nicolae_shop_statue_plus, nicolae_shop_crystal, shop, shop,
          nicolae_zen_rock_garden, st_stairs_11, nicolae_tso_besieged_by_evil
D:5:      temple_doors_a, uniq_pikel
D:6:      kennysheep_generic_room_12
D:7:      tgw_fedhas, the_bakery
D:8:      kennysheep_kobold_camp, lair_0_dummy
D:9:      marbit_many_paths, zin_angel, serial_shops, shop, uniq_grum
D:10:     grunt_pakellas_basics
D:11:     david_orc_3, st_stairs_7, hangedman_decor_growths, uniq_maurice,
          uniq_sonja, uniq_josephine
D:12:     serial_shops, shop, serial_park_tiny_pond
D:13:     david_vaults_3, minivault_1
D:15:     grunt_enter_depths_giant_problem, hangedman_decor_push,
          serial_bayou_lagoon_a
Temple:   chambers_temple_12
Lair:1:   roderic_batcave, minivault_29
Orc:1:    trog_book
Sewer:    sewer_co_15_rooms

Skill      XL: |  1  2  3  4  5  6  7  8  9 10 11 12 |
---------------+-------------------------------------+-----
Conjurations   | 1 5 |  9.9
Fighting       | 1 5 |  8.1
Spellcasting   | 4 5 6 7 9 10 11 | 11.8
Poison Magic   | 1 5 |  5.3
Air Magic      | 1 |  4.9
Stealth        | 5 |  6.0
Dodging        | 5 |  7.1
Fire Magic     | 1 5 |  5.0
Evocations     | 1 |  1.0
Hexes          | |  0.8
Summonings     | |  1.0
Translocations | |  4.0

Action                   |  1- 3 |  4- 6 |  7- 9 | 10-12 || total
-------------------------+-------+-------+-------+-------++-------
Melee: Unarmed           |     3 |    30 |    25 |    15 ||    73
 Cast: Magic Dart        |   124 |   444 |   907 |   588 ||  2063
       Blink             |       |     1 |    14 |     2 ||    17
       Mephitic Cloud    |       |    12 |    64 |    89 ||   165
       Flame Tongue      |       |       |    23 |   700 ||   723
       Repel Missiles    |       |       |     1 |     1 ||     2
       Inner Flame       |       |       |       |     4 ||     4
Evoke: Wand              |       |     1 |     3 |    13 ||    17
  Use: Potion            |     3 |     4 |     5 |     1 ||    13
       Scroll            |     5 |     4 |     7 |     3 ||    19
 Stab: Confused          |       |     2 |       |       ||     2
  Eat: Chunk             |    10 |    18 |    28 |    22 ||    78
